 Dungeon Crawl Stone Soup version 0.27-a0-898-g810843a28d (webtiles) character file.

Game seed: 13591096884254553717

28576 dmks the Geomancer (level 13, -3/63 HPs)
             Began as a Gargoyle Earth Elementalist on Apr 5, 2021.
             Was a Priest of Vehumet.
             Slain by a cane toad (9 damage)
             ... on level 1 of the Lair of Beasts.
             The game lasted 01:15:28 (22027 turns).

dmks the Geomancer (Gargoyle Earth Elementalist)   Turns: 22027, Time: 01:15:29

Health: -3/63      AC: 15    Str: 12    XL:     13   Next: 39%
Magic:  27/27      EV: 13    Int: 21    God:    Vehumet [***...]
Gold:   982        SH:  0    Dex: 10    Spells: 18/33 levels left

rFire    . . .     SeeInvis .   m - staff of air
rCold    . . .     Faith    .   (no shield)
rNeg     + . .     Spirit   .   c - +1 robe
rPois    ∞         Reflect  .   n - +0 helmet
rElec    +         Harm     .   A - +0 cloak
rCorr    .         Rampage  .   F - +0 pair of gloves
Will     .....                  (no boots)
Stlth    +++.......             q - amulet of the acrobat
HPRegen  0.20/turn              j - ring of wizardry
MPRegen  0.20/turn              r - ring of wizardry

@: no status effects
A: AC +9, negative energy resistance 1, electricity resistance, torment
resistance 1, unbreathing 1, petrification resistance
a: Renounce Religion


You were on level 1 of the Lair of Beasts.
You worshipped Vehumet.
Vehumet was most pleased with you.
You visited 3 branches of the dungeon, and saw 13 of its levels.
You also visited: Bailey.

You collected 1962 gold pieces.
You spent 980 gold pieces at shops.

Inventory:

Hand Weapons
 o - the +4 eveningstar of the Spider {vorpal, rPois}
   (You found it in a bailey)

   It inflicts extra damage upon your enemies.
   It protects you from poison.
 y - a +0 dagger
   (You took it off a kobold on level 11 of the Dungeon)
Missiles
 b - 261 stones
 f - 37 boomerangs
 i - a throwing net {!f}
 H - a curare-tipped dart {!f}
Armour
 c - a +1 robe (worn)
 n - a +0 helmet (worn)
   (You found it on level 4 of the Dungeon)
 A - a +0 cloak (worn)
   (You took it off Crazy Yiuf on level 7 of the Dungeon)
 F - a +0 pair of gloves (worn)
   (You found it on level 10 of the Dungeon)
 J - a +0 buckler
   (You found it on level 7 of the Dungeon)
Magical Staves
 a - a staff of death
   (You found it on level 4 of the Dungeon)
 m - a staff of air (weapon)
   (You found it on level 7 of the Dungeon)
Jewellery
 j - a ring of wizardry (left hand)
   (You found it on level 2 of the Dungeon)
 k - an amulet of reflection
   (You found it on level 4 of the Dungeon)
 l - a ring of fire
   (You found it on level 3 of the Dungeon)
 q - an amulet of the acrobat (around neck)
   (You found it on level 5 of the Dungeon)
 r - a ring of wizardry (right hand)
   (You found it on level 9 of the Dungeon)
 t - an amulet of faith {!P}
   (You found it on level 6 of the Dungeon)
 G - a ring of resist corrosion
   (You found it on level 10 of the Dungeon)
Wands
 u - a wand of paralysis (17)
   (You found it on level 4 of the Dungeon)
 x - a wand of acid (20)
   (You found it on level 9 of the Dungeon)
Scrolls
 e - 3 scrolls of identify {@r1}
 h - a scroll of enchant armour
 s - 2 scrolls of noise {!r}
 w - 2 scrolls of teleportation {@r4}
 z - a scroll of enchant weapon
 K - a scroll of fog
Potions
 d - a potion of resistance
 g - 3 potions of flight
 p - a potion of berserk rage
 v - 3 potions of heal wounds {@q2}
 B - 3 potions of lignification {!q}
 C - a potion of brilliance
 D - 6 potions of curing {@q1}
 E - a potion of mutation {!q}
 I - a potion of might {unknown}


   Skills:
 - Level 5.9 Staves
 + Level 6.0 Dodging
 - Level 5.1 Stealth
 + Level 1.6 Shields
 * Level 10.7 Spellcasting
 + Level 7.5 Conjurations
 + Level 5.9 Transmutations
 * Level 13.7 Earth Magic
 - Level 4.0 Evocations


You had 18 spell levels left.
You knew the following spells:

 Your Spells              Type           Power      Damage    Failure   Level
a - Sandblast             Erth           100%       2d20      0%          1
b - Lee's Rapid Deconstr  Erth           31%        3d17*     1%          5
c - Petrify               Tmut/Erth      51%        N/A       1%          4
q - Passwall              Tmut/Erth      42%        N/A       1%          2
x - Stone Arrow           Conj/Erth      100%       3d13      1%          3

Your spell library contained the following spells:

 Spells                   Type           Power      Damage    Failure   Level
 Ignite Poison            Fire/Tmut/Pois 19%        N/A       1%          3
 Magic Dart               Conj           100%       1d8       1%          1
 Conjure Flame            Conj/Fire      27%        6-21      1%          3
 Mephitic Cloud           Conj/Pois/Air  32%        N/A       1%          3
 Static Discharge         Conj/Air       40%        N/A       1%          3
 Blink                    Tloc           N/A        N/A       2%          2
 Call Imp                 Summ           11%        N/A       2%          2
 Slow                     Hex            11%        N/A       2%          2
 Lightning Bolt           Conj/Air       20%        1d35      4%          5
 Shatter                  Erth           31%        3d25*     85%         9
 Ignition                 Fire           5%         3d4       100%        8
 Tornado                  Air            8%         N/A       100%        9


Dungeon Overview and Level Annotations

Branches:
Dungeon (11/15)            Temple (1/1) D:5            Lair (1/6) D:11
    Orc (0/2) D:11         Bailey (visited)

Altars:
Ashenzari
Cheibriados
Dithmenos
Elyvilon
Fedhas
Gozag
Hepliaklqana
Kikubaaqudgha
Makhleb
Nemelex Xobeh
Okawaru
Qazlal
Ru
Sif Muna
Trog
Uskayaw
Vehumet
Wu Jian
Xom
Yredelemnul
Zin
The Shining One

Shops:
D:5 :


Innate Abilities, Weirdness & Mutations

Your stone body is resilient. (AC +9)
You are immune to poison.
You resist negative energy. (rN+)
You are resistant to electric shocks. (rElec)
You are resistant to unholy torment.
You can survive without breathing.
You are immune to petrification.


Message History

You climb downwards.
Welcome to the Lair of Beasts!
A yak and 2 bullfrogs come into view.
The bullfrog croaks.
Found a stone staircase leading down.
There is a staircase back to the Dungeon here.
An eight-headed hydra comes into view.
Aim: a bullfrog (28% to evade)
The stone arrow hits the bullfrog!
The eight-headed hydra roars!
The bullfrog gives a loud, deep croak!
You hear a croak.
You hear a bellow!
You hear a loud, deep croak!
Aim: a bullfrog (severely wounded, 28% to evade)
The stone arrow hits the bullfrog!
You kill the bullfrog!
Vehumet accepts your kill.
A cane toad comes into view.
Aim: a bullfrog (28% to evade)
The stone arrow hits the bullfrog!!
You kill the bullfrog!
Vehumet accepts your kill.
Vehumet is now aiding your destructive spells.
A rock wall.
The wall shatters!
The blast of rock fragments hits the eight-headed hydra!!
You hear a bellow!
You hear a croak.
You hear a bellow!
You climb upwards.
Welcome back to the Dungeon!
There is a staircase to the Lair here.
You start resting.
You climb downwards.
Welcome back to the Lair of Beasts!
A bullfrog and a cane toad come into view.
The eight-headed hydra closely misses you.
The eight-headed hydra bites you but does no damage.
The eight-headed hydra bites you.
The eight-headed hydra barely misses you.
The eight-headed hydra bites you but does no damage.
The eight-headed hydra bites you! The eight-headed hydra bites you.
The eight-headed hydra barely misses you.
The cane toad barely misses you.
The eight-headed hydra bites you but does no damage.
The eight-headed hydra bites you. The eight-headed hydra bites you!
* * * LOW HITPOINT WARNING * * *
The eight-headed hydra misses you.
The eight-headed hydra barely misses you.
The eight-headed hydra bites you.
* * * LOW HITPOINT WARNING * * *
The eight-headed hydra bites you!
* * * LOW HITPOINT WARNING * * *
The eight-headed hydra bites you!
* * * LOW HITPOINT WARNING * * *
The cane toad stings you!
You die...

.......
##.......
#........
###........
.#........
#.†.......
#D..>.....
#.@F......
###..##...
...# ..F.#
#Y#...
F##.#. ..
..# .. .#


You could see an eight-headed hydra, a yak, 2 cane toads and a bullfrog
(wandering).

Vanquished Creatures
  An orc warlord (Bailey)
  Fannar (D:10)
  A two-headed ogre (D:6)
  Nergalle (D:11)
  Pikel (D:4)
  An ugly thing (D:11)
  A komodo dragon (D:11)
  3 trolls
  The ghost of Capylives the Chopper, an amateur PaFi of Okawaru (D:5)
  2 hornets
  Grinder (D:4)
  5 slime creatures
  A shadow (D:11)
  16 yaks
  2 wraiths
  A wyvern (D:9)
  Grum (D:11)
  Menkaure (D:7)
  A two-headed ogre zombie (D:11)
  2 acid dragons
  A water moccasin (D:7)
  Duvessa (D:4)
  A sky beast (D:6)
  4 orc warriors
  2 black bears (D:5)
  3 necrophages
  A centaur (D:7)
  2 ogres (D:6)
  4 wolves (D:11)
  4 lemures
  2 phantoms
  5 bullfrogs
  5 kobold brigands
  2 wyvern zombies
  Dowan (D:4)
  A water moccasin zombie (D:5)
  A wyvern skeleton (D:7)
  5 killer bees (D:9)
  A troll zombie (D:11)
  4 wights
  4 centaur zombies
  An orc priest (D:8)
  Crazy Yiuf (D:7)
  2 hounds
  2 centaur skeletons
  4 iguanas
  2 orc wizards
  6 ogre zombies (D:11)
  4 gnolls
  5 adders
  A white imp (D:6)
  3 worms
  2 dart slugs (D:4)
  17 orcs
  3 endoplasms
  5 giant cockroaches
  6 goblins
  8 hobgoblins
  11 jackals
  39 kobolds
  9 quokkas
  5 ball pythons
  3 bats
  7 frilled lizards
  4 goblin zombies (D:11)
  3 hobgoblin skeletons (D:11)
  3 hobgoblin zombies (D:11)
  4 orc skeletons (D:11)
  11 orc zombies (D:11)
  5 rats
274 creatures vanquished.

Vanquished Creatures (others)
  A fungus (D:7)
  2 plants (D:1)
3 creatures vanquished.

Grand Total: 277 creatures vanquished

Notes
Turn   | Place    | Note
-------+----------+-------------------------------------------
     0 | D:1      | dmks the Gargoyle Earth Elementalist began the quest for
                  | the Orb.
     0 | D:1      | Reached XP level 1. HP: 10/10 MP: 3/3
   538 | D:1      | Reached XP level 2. HP: 10/15 MP: 5/5
   776 | D:1      | Reached skill level 1 in Transmutations
   994 | D:1      | Reached skill level 4 in Earth Magic
  1105 | D:1      | Reached XP level 3. HP: 11/19 MP: 0/6
  2132 | D:2      | Learned a level 3 spell: Stone Arrow
  2135 | D:2      | Learned a level 2 spell: Passwall
  3287 | D:2      | Reached XP level 4. HP: 24/24 MP: 5/8
  3503 | D:3      | Found a faded altar of an unknown god.
  3509 | D:3      | Found a white marble altar of Elyvilon.
  3655 | D:3      | Found a bloodstained altar of Trog.
  4574 | D:4      | Reached XP level 5. HP: 10/28 MP: 4/9
  5336 | D:5      | Entered Level 5 of the Dungeon
  5337 | D:5      | Found Fuutziel's Book Shop.
  5558 | D:5      | Reached skill level 1 in Conjurations
  5558 | D:5      | Reached skill level 5 in Earth Magic
  5654 | D:5      | Noticed a necrophage
  5682 | D:4      | Killed a necrophage
  5683 | D:4      | Reached skill level 1 in Staves
  5683 | D:4      | Reached XP level 6. HP: 32/32 MP: 0/11
  5897 | D:5      | Found a staircase to the Ecumenical Temple.
  5902 | D:5      | Noticed Pikel
  5917 | D:5      | Noticed Grinder
  6134 | D:5      | Paralysed by Grinder for 6 turns
  6152 | D:4      | Paralysed by Grinder for 4 turns
  6164 | D:4      | Killed Grinder
  6165 | D:4      | Reached XP level 7. HP: 36/36 MP: 0/12
  6480 | D:5      | Found a runed translucent door.
  6485 | D:5      | Found a radiant altar of Vehumet.
  6498 | D:5      | Became a worshipper of Vehumet
  6554 | D:5      | Noticed Capylives's ghost (amateur PaFi)
  6562 | D:5      | Reached skill level 6 in Earth Magic
  6919 | D:4      | Killed Pikel
  6920 | D:4      | Reached XP level 8. HP: 14/41 MP: 0/15
  7136 | D:5      | Killed Capylives's ghost
  7137 | D:5      | Reached skill level 5 in Spellcasting
  7137 | D:5      | Reached skill level 7 in Earth Magic
  7672 | D:5      | Noticed Duvessa
  7675 | D:5      | Reached skill level 5 in Stealth
  7675 | D:5      | Reached XP level 9. HP: 45/45 MP: 4/16
  7759 | D:4      | Learned a level 5 spell: Lee's Rapid Deconstruction
  7794 | D:5      | Noticed Dowan
  7866 | D:4      | Killed Duvessa
  7987 | D:4      | Killed Dowan
  8116 | D:5      | Learned a level 4 spell: Petrify
  8807 | Temple   | Entered the Ecumenical Temple
  9200 | D:6      | Noticed a two-headed ogre
  9451 | D:6      | Found a snail-covered altar of Cheibriados.
  9451 | D:6      | Found an opulent altar of Gozag.
  9622 | D:6      | Reached skill level 8 in Earth Magic
 10020 | D:6      | Reached skill level 1 in Evocations
 10363 | D:6      | Killed a two-headed ogre
 10706 | D:6      | Identified a scroll of acquirement
 10706 | D:6      | Acquired 1316 gold pieces
 10758 | D:7      | Found a shimmering altar of Xom.
 10758 | D:7      | Noticed Menkaure
 10765 | D:7      | Killed Menkaure
 10766 | D:7      | Reached XP level 10. HP: 42/50 MP: 6/19
 10876 | D:7      | Found a flagged portal.
 10892 | Bailey   | Entered a bailey
 10900 | Bailey   | Noticed an orc warlord
 11086 | Bailey   | Reached * piety under Vehumet
 11086 | Bailey   | Offered knowledge of Shock by Vehumet.
 11429 | Bailey   | Found a runed translucent gate.
 11429 | Bailey   | Found a runed translucent gate.
 11429 | Bailey   | Found a runed translucent gate.
 11722 | Bailey   | HP: 1/50 [orc warlord/+0 broad axe (20)]
 13239 | Bailey   | Killed an orc warlord
 13240 | Bailey   | Reached skill level 5 in Conjurations
 13240 | Bailey   | Reached skill level 9 in Earth Magic
 13332 | Bailey   | Identified the +4 eveningstar of the Spider {vorpal, rPois}
 13347 | Bailey   | Reached skill level 5 in Staves
 13347 | Bailey   | Reached skill level 5 in Dodging
 13347 | Bailey   | Reached skill level 10 in Earth Magic
 13347 | Bailey   | Reached XP level 11. HP: 54/54 MP: 20/23
 13796 | D:7      | Reached skill level 5 in Transmutations
 13829 | D:7      | Found a runed translucent door.
 13832 | D:7      | Noticed Crazy Yiuf
 13904 | D:7      | Killed Crazy Yiuf
 14166 | D:7      | Found a glowing golden altar of the Shining One.
 15055 | D:8      | Found an ornate altar of the Wu Jian Council.
 15411 | D:8      | Reached skill level 11 in Earth Magic
 17633 | D:9      | Reached XP level 12. HP: 47/59 MP: 14/24
 17647 | D:9      | Offered knowledge of Freeze by Vehumet.
 17780 | D:9      | Reached ** piety under Vehumet
 17829 | D:9      | Found a glowing silver altar of Zin.
 18164 | D:10     | Entered Level 10 of the Dungeon
 18252 | D:5      | Bought a book of the Tempests for 980 gold pieces
 18333 | D:10     | Reached skill level 10 in Spellcasting
 18333 | D:10     | Reached skill level 13 in Earth Magic
 18333 | D:10     | Reached XP level 13. HP: 63/63 MP: 24/27
 18362 | D:10     | Found a shimmering blue altar of Sif Muna.
 18379 | D:10     | Noticed Fannar
 18396 | D:10     | Killed Fannar
 18912 | D:10     | Found a sacrificial altar of Ru.
 19537 | D:10     | Found a hazy altar of Hepliaklqana.
 19914 | D:11     | Noticed Grum
 20191 | D:11     | Found a staircase to the Lair.
 20200 | D:11     | Noticed Nergalle
 20420 | D:11     | Found a basalt altar of Yredelemnul.
 20682 | D:11     | Killed Grum
 20683 | D:11     | Reached skill level 1 in Shields
 20871 | D:11     | Found a staircase to the Orcish Mines.
 21011 | D:11     | Offered knowledge of Ignite Poison by Vehumet.
 21628 | D:11     | Killed Nergalle
 21953 | Lair:1   | Entered Level 1 of the Lair of Beasts
 21958 | Lair:1   | Reached *** piety under Vehumet
 22027 | Lair:1   | Slain by a cane toad

Illustrated notes

Levels and vault maps discovered:
D:1:      dpeg_arrival_windows_large_door, layout_basic, serial_forest,
          infiniplex_forest_lined_room_2, infiniplex_forest_clump_diagonal,
          infiniplex_forest_straight_4, infiniplex_forest_lined_3,
          infiniplex_forest_end_3, infiniplex_forest_straight_4,
          chequers_serial_rivers_micro_c, st_stairs_10
D:2:      layout_loops_corners
D:3:      minmay_bubble_buster, layout_rooms, trog_butcher_becter,
          nicolae_overflow_hidden_temple, basic_ecumenical_altar,
          glass_columns_c
D:4:      layout_rooms
D:5:      layout_cave_pools, overflow_temple_1_default,
          minmay_temple_entry_drinking_statues, serial_shops,
          nicolae_shop_crystal, ebering_ghost_sewer_d, minmay_chambers_of_fives,
          uniq_grinder, uniq_duvessa, uniq_pikel
D:6:      layout_cave_pools, chequers_temple_overflow_statue_of_worship
D:7:      layout_cave_pools, general_overflow_altar,
          lemuel_coloured_pillars_altar, enter_bailey_6,
          corexii_leaking_fountain, uniq_menkaure, uniq_crazy_yiuf_cottage
D:8:      layout_loops_corners, kennysheep_mini
D:9:      layout_small_grid, marbit_many_paths, hex_tiny
D:10:     layout_roguey, old_standard_altar, lemuel_doored_altar,
          nicolae_overflow_crystal_walls, dk_vineyard_1, uniq_fannar
D:11:     layout_roguey, lair_entry_dummy, zombieorc2_lemuel,
          yredelemnul_altar_generic, uniq_nergalle, uniq_grum
Temple:   eino_temple_lava
Lair:1:   layout_cave_pods, gammafunk_ghost_arena, serial_bayou_shore_b,
          grunt_megastairs_2, lemuel_fruit_fields

Skill      XL: |  1  2  3  4  5  6  7  8  9 10 11 12 13 |
---------------+----------------------------------------+-----
Transmutations | 1 2 3 4 5 |  5.9
Earth Magic    | 4 5 6 7 8 10 11 13 | 13.7
Dodging        | 2 3 4 5 6 |  6.0
Stealth        | 3 4 5 |  5.1
Spellcasting   | 3 4 5 6 8 10 | 10.7
Conjurations   | 1 2 3 4 6 7 |  7.5
Staves         | 1 2 3 4 5 |  5.9
Evocations     | 1 3 4 |  4.0
Shields        | 1 |  1.6

Action                   |  1- 3 |  4- 6 |  7- 9 | 10-12 | 13-15 || total
-------------------------+-------+-------+-------+-------+-------++-------
Melee: Unarmed           |    57 |       |       |       |       ||    57
       Dagger            |    70 |       |       |       |       ||    70
       Flail             |    63 |    37 |       |       |       ||   100
       Staff             |       |    10 |     9 |     8 |    10 ||    37
       Whip              |       |       |     4 |       |       ||     4
 Cast: Sandblast         |    23 |    37 |    14 |    17 |    18 ||   109
       Passwall          |     4 |       |       |       |       ||     4
       Stone Arrow       |       |    31 |    66 |   117 |    93 ||   307
       Lee's Rapid Decon |       |       |    28 |    44 |    27 ||    99
       Petrify           |       |       |     6 |     4 |     4 ||    14
Evoke: Wand              |       |       |       |     2 |       ||     2
  Use: Scroll            |       |     5 |     6 |     9 |     7 ||    27
       Potion            |       |     3 |       |     8 |       ||    11
 Stab: Sleeping          |     5 |     1 |       |       |       ||     6
Armor: Robe              |    56 |    32 |    32 |    21 |    31 ||   172
Dodge: Dodged            |   128 |    75 |    45 |    54 |    78 ||   380
Block: Other             |       |     8 |    19 |       |       ||    27
       Reflection        |       |       |     2 |       |       ||     2

Table legend: (Time is in decaauts)
 A = Elapsed time spent in this place.
 B = Non-inter-level travel time spent in this place.
 C = Inter-level travel time spent in this place.
 D = Time resting spent in this place.
 E = Time spent auto-exploring this place.
 F = Levels seen in this place.
 G = Mean time per level.
                   A        B        C        D        E       F      G
               +--------+--------+--------+--------+--------+-----+--------+
         Total |  22125 |  21568 |    557 |   9334 |   6995 |  14 | 1580.4 |
       Dungeon |  19488 |  18931 |    557 |   7439 |   6849 |  11 | 1771.6 |
        Temple |     79 |     79 |      0 |      0 |     64 |   1 |   79.0 |
          Lair |      7 |      7 |      0 |      0 |      0 |   1 |    7.0 |
        Bailey |   2550 |   2550 |      0 |   1895 |     82 |   1 | 2550.0 |
               +--------+--------+--------+--------+--------+-----+--------+

Top non-repeatable levels by time:
     D:8: 2766 daAuts
     D:4: 2677 daAuts
     D:5: 2619 daAuts
  Bailey: 2550 daAuts
     D:1: 2051 daAuts
    D:11: 1939 daAuts
    D:10: 1642 daAuts
     D:2: 1306 daAuts
     D:6: 1144 daAuts
     D:9: 1144 daAuts
     D:3: 1118 daAuts
     D:7: 1077 daAuts
  Temple: 79 daAuts
  Lair:1: 7 daAuts
